 Dungeon Crawl Stone Soup version 0.31-a0-1620-gcbf77bbcfc (webtiles) character file.

Game seed: 15967057801757286635

142 Lobster4 the Gusty (level 5, -4/28 HPs)
             Began as a Tengu Air Elementalist on Jan 11, 2024.
             Slain by Blork the orc
             ... wielding a +0 dire flail
              (5 damage)
             ... on level 4 of the Dungeon.
             The game lasted 00:08:22 (4209 turns).

Lobster4 the Gusty (Tengu Air Elementalist)         Turns: 4209, Time: 00:08:22

Health: -4/28      AC:  7    Str:  7    XL:     5   Next: 25%
Magic:  2/9        EV: 11    Int: 16    God:
Gold:   31         SH:  0    Dex: 16    Spells: 2/8 levels left

rFire   . . .        j - +2 dagger (venom)
rCold   . . .        (no shield)
rNeg    + . .        o - +1 leather armour
rPois   +            (helmet restricted)
rElec   .            k - +2 ratskin cloak {*Rats rPois rN+ Str-1 Int-1 Dex+1}
rCorr   .            (no gloves)
SInv    +            (boots unavailable)
Will    .....        (no amulet)
Stlth   ++           m - ring of see invisible
HPRegen 0.24/turn    (no ring)
MPRegen 0.11/turn

%: acrobat
@: no status effects
A: beak, talons 3, acrobatic
a: no special abilities


You were on level 4 of the Dungeon.
You visited 1 branch of the dungeon, and saw 4 of its levels.

You collected 130 gold pieces.
You spent 99 gold pieces at shops.

Inventory:

Hand Weapons
 d - a +2 dagger of holy wrath
 e - a +0 short sword
 g - a +0 whip
 j - a +2 dagger of venom (weapon)
Missiles
 f - 2 poisoned darts
 h - 24 stones
 v - 2 boomerangs
Armour
 a - a +0 robe
 k - the +2 ratskin cloak (worn) {*Rats rPois rN+ Str-1 Int-1 Dex+1}
   (You found it on level 2 of the Dungeon)

   *Rats:     When the wearer is hurt, rats may emerge from it to assist them.
   Str-1:     It affects your strength (-1).
   Int-1:     It affects your intelligence (-1).
   Dex+1:     It affects your dexterity (+1).
   rPois:     It protects you from poison rN+: It protects you from negative
   energy.
 o - a +1 leather armour (worn)
Jewellery
 m - a ring of see invisible (left hand)
 n - a ring of wizardry
 q - a ring of positive energy
Scrolls
 c - 2 scrolls of enchant armour
 i - a scroll of identify
 p - a scroll of silence {unknown}
 s - a scroll of blinking {unknown}
 t - 2 scrolls of teleportation
Potions
 b - a potion of magic
 l - a potion of attraction
 r - a potion of enlightenment
 u - a potion of haste {unknown}
 x - 3 potions of cancellation {unknown}
 z - a potion of invisibility {unknown}
 A - a potion of curing {unknown}


   Skills:
 + Level 0.8 Fighting
 - Level 1.0 Short Blades
 + Level 0.7 Throwing
 + Level 0.8 Armour
 - Level 2.1 Dodging
 - Level 2.0 Stealth
 - Level 2.0 Spellcasting
 + Level 3.5 Conjurations
 * Level 6.0 Air Magic


You had 2 spell levels left.
You knew the following spells:

 Your Spells              Type           Power      Damage    Failure   Level
a - Shock                 Conj/Air       64%        1d7       4%          1
b - Static Discharge      Conj/Air       32%        3-5/arc   6%          2
s - Swiftness             Air            21%        N/A       8%          3

Your spell library contained the following spells:

 Spells                   Type           Power      Damage    Failure   Level
 Magic Dart               Conj           48%        1d5       7%          1
 Searing Ray              Conj           24%        2d5       11%         2
 Cigotuvi's Dreadful Rot  Necr/Alch/Air  16%        N/A       21%         2
 Airstrike                Air            10%        2d(2-18)  24%         4
 Fulminant Prism          Conj/Alch      3%         3d5       82%         4
 Freezing Cloud           Conj/Ice/Air   5%         6-21      92%         5
 Ignite Poison            Fire/Alch      1%         N/A       96%         4


Dungeon Overview and Level Annotations

Branches:
Dungeon (4/15)
 Temple: D:4-7

Altars:
Qazlal

Shops:
D:3 ?

Annotations:
D:3 3 runed translucent doors, Natasha; RockinRobin's ghost, amateur DsGl; XomNomNom's ghost, weakling HOMo; hattop's ghost, amateur OnGl
D:4 Blork the orc


Innate Abilities, Weirdness & Mutations

You have a beak for a mouth.
You have claws for feet.
You can magically evade attacks while moving or waiting.


Message History

The zap misses Blork the orc.
Casting: Shock (safe; 4% risk of failure)
Confirm with . or Enter, or press ? or * to list all spells.
Aiming: Shock (safe; 4% risk of failure)
Press: ? - help, Shift-Dir - straight line, f/p - Blork the orc
Aim: Blork the orc, wielding a +0 dire flail and wearing a +0 robe of positive energy (severely wounded, fast, 75% to hit)
The zap hits Blork the orc.
Blork the orc is severely wounded.
Casting: Shock (safe; 4% risk of failure)
Confirm with . or Enter, or press ? or * to list all spells.
Aiming: Shock (safe; 4% risk of failure)
Press: ? - help, Shift-Dir - straight line, f/p - Blork the orc
Aim: Blork the orc, wielding a +0 dire flail and wearing a +0 robe of positive energy (severely wounded, fast, 75% to hit)
The zap hits Blork the orc.
Blork the orc is almost dead.
Blork the orc points at you and mumbles some strange words.
The puff of frost hits you!
Throw: 5 darts (poison)
Press: ? - help, Shift-Dir - straight line, f/p - Blork the orc
Aim: Blork the orc, wielding a +0 dire flail and wearing a +0 robe of positive energy (almost dead, fast, 60% to hit)
You throw a poisoned dart. The poisoned dart hits Blork the orc.
Blork the orc is almost dead.
Blork the orc points at you and mumbles some strange words.
The puff of frost hits you!
* * * LOW HITPOINT WARNING * * *
Blork the orc points at you and mumbles some strange words.
The puff of flame hits you but does no damage.
Throw: 4 darts (poison)
Press: ? - help, Shift-Dir - straight line, f/p - Blork the orc
Aim: Blork the orc, wielding a +0 dire flail and wearing a +0 robe of positive energy (almost dead, fast, 60% to hit)
You throw a poisoned dart. The poisoned dart hits Blork the orc.
Blork the orc is poisoned.
Blork the orc is almost dead.
Throw: 3 darts (poison)
Press: ? - help, Shift-Dir - straight line, f/p - Blork the orc
Aim: Blork the orc, wielding a +0 dire flail and wearing a +0 robe of positive energy (almost dead, fast, poisoned, 60% to hit)
You throw a poisoned dart. The poisoned dart hits Blork the orc.
Blork the orc is almost dead.
Blork the orc hits you with a +0 dire flail.
You die...

... ..... ....
.☼..# #...# ##...#
#.... #...# #....#
##.○# #...°.##°..##
#.....○..☼.☼##
#.).....°°○@.###...
....☼.○○☼.○o.○.°.☼.
#....○.○○°...°°....
..####○°..(.○...☼○°
. ##☼.(.☼..☼....
#☼○..#####.○○
#°☼°## ..# #°○.. .#
#....#


You could see Blork the orc (fast, poisoned).

Vanquished Creatures
  An orc wizard (D:3)
  4 adders
  2 dart slugs (D:3)
  3 ribbon worms (D:2)
  6 orcs (D:3)
  6 endoplasms
  2 giant cockroaches
  7 goblins
  3 hobgoblins
  2 quokkas
  9 ball pythons
  5 bats
  8 frilled lizards
  3 kobolds
  7 rats
68 creatures vanquished.

Notes
Turn   | Place    | Note
-------+----------+-------------------------------------------
     0 | D:1      | Lobster4 the Tengu Air Elementalist began the quest for the
                  | Orb.
     0 | D:1      | Reached XP level 1. HP: 10/10 MP: 4/4
   374 | D:1      | Reached XP level 2. HP: 15/15 MP: 4/6
  1301 | D:2      | Found a stormy altar of Qazlal.
  1465 | D:2      | Learned a level 2 spell: Static Discharge
  1489 | D:2      | Found the +2 ratskin cloak {*Rats rPois rN+ Str-1 Int-1
                  | Dex+1}
  1498 | D:2      | Reached skill level 5 in Air Magic
  1555 | D:2      | Reached XP level 3. HP: 19/19 MP: 5/7
  1819 | D:2      | Found a faded altar of an unknown god.
  2397 | D:2      | Reached XP level 4. HP: 23/24 MP: 3/8
  2401 | D:2      | Learned a level 3 spell: Swiftness
  2738 | D:3      | Noticed Natasha
  2936 | D:3      | Found a runed translucent gate.
  2936 | D:3      | Found a runed translucent gate.
  2941 | D:3      | Found a runed translucent gate.
  3187 | D:3      | Reached skill level 6 in Air Magic
  3196 | D:3      | Reached XP level 5. HP: 28/28 MP: 2/9
  3455 | D:3      | Reached skill level 1 in Short Blades
  3547 | D:3      | Noticed hattop's ghost (amateur OnGl)
  3547 | D:3      | Noticed XomNomNom's ghost (weakling HOMo)
  3547 | D:3      | Noticed RockinRobin's ghost (amateur DsGl)
  3561 | D:3      | Found Xiday's Magic Scroll Shoppe.
  3569 | D:3      | Bought a scroll of teleportation for 33 gold pieces
  3569 | D:3      | Bought a scroll of identify for 22 gold pieces
  3569 | D:3      | Bought a scroll of poison for 44 gold pieces
  4188 | D:4      | Noticed Blork the orc
  4206 | D:4      | HP: 1/28 [Blork the orc/puff of frost (10)]
  4209 | D:4      | Slain by Blork the orc

Illustrated notes

Levels and vault maps discovered:
D:1:      nicolae_arrival_somewhat_less_tricky_arrival, layout_loops_corners
D:2:      layout_rooms, serial_forest, infiniplex_forest_lined_3,
          infiniplex_forest_straight_4, infiniplex_forest_clump_diagonal,
          infiniplex_forest_end_2, infiniplex_forest_lined_room_,
          infiniplex_forest_lined_1, infiniplex_forest_lined_room_2,
          ebering_ecumenical_altar_mist, basic_altar, grunt_ministairs_12,
          minmay_misc_feat_diagonals
D:3:      layout_basic, serial_shops, shop_statue, gammafunk_ghost_cemetery,
          uniq_natasha
D:4:      layout_layer_cave, mainiacjoe_overflow_24_doors,
          hellmonk_sif_muna_bookshelves, marbit_many_paths, roderic_batcave,
          uniq_menkaure, uniq_ijyb, uniq_duvessa, uniq_blork_the_orc

Skill      XL: |  1  2  3  4  5 |
---------------+----------------+-----
Conjurations   | 2 3 |  3.5
Air Magic      | 5 6 |  6.0
Short Blades   | 1 |  1.0
Fighting       | |  0.8
Throwing       | |  0.7
Armour         | |  0.8
Dodging        | |  2.1
Stealth        | |  2.0
Spellcasting   | |  2.0

Action                     |  1- 3 |  4- 6 || total
---------------------------+-------+-------++-------
  Melee: Dagger            |     8 |    14 ||    22
         Peck              |     3 |     3 ||     6
         Kick              |     1 |    10 ||    11
  Throw: Dart              |       |     7 ||     7
   Cast: Shock             |    88 |    75 ||   163
    Use: Scroll            |       |     5 ||     5
   Stab: Sleeping          |     1 |       ||     1
 Armour: Robe              |     8 |     8 ||    16
         Leather armour    |       |     8 ||     8
  Dodge: Dodged            |    13 |    10 ||    23

Table legend: (Time is in decaauts)
 A = Elapsed time spent in this place.
 B = Non-inter-level travel time spent in this place.
 C = Inter-level travel time spent in this place.
 D = Time resting spent in this place.
 E = Time spent auto-exploring this place.
 F = Levels seen in this place.
 G = Mean time per level.
                   A        B        C        D        E       F      G
               +--------+--------+--------+--------+--------+-----+--------+
         Total |   4206 |   4020 |    186 |    153 |   3333 |   4 | 1051.5 |
       Dungeon |   4206 |   4020 |    186 |    153 |   3333 |   4 | 1051.5 |
               +--------+--------+--------+--------+--------+-----+--------+

Top non-repeatable levels by time:
     D:3: 1608 daAuts
     D:1: 1364 daAuts
     D:2: 1167 daAuts
     D:4: 66 daAuts
